Zazza, neutral female human Tourist ------ @#-...<| d |....| ---.-- # # # ### # ### # ## ------|- |....>.| |......| |......| |......| |......| -------- Zazza the Rambler Experience level: 1 Strength: 10 Dexterity: 13 Constitution: 15 Intelligence: 12 Wisdom: 10 Charisma: 15 Health: 0(10) Energy: 2(2) Def: 2 Gold: 520 Moves: 1953 Dungeon seed: i42qoaanwAYqHV-A Game ID: Zazza_1605545203 Your Inventory: Coins $ - 520 gold pieces Weapons a - 26 +2 darts j - a cursed +0 elven dagger (weapon in hand) o - a +0 orcish dagger Armor e - a blessed +0 Hawaiian shirt q - an uncursed +0 alchemy smock (being worn) y - an uncursed +0 orcish helm (being worn) z - an uncursed +0 orcish helm Comestibles b - 4 uncursed food rations d - 2 uncursed eggs g - 2 uncursed tripe rations w - an uncursed carrot A - 2 uncursed slime molds D - an uncursed tripe ration L - 2 uncursed food rations O - 2 uncursed oranges Scrolls i - 2 blessed scrolls of magic mapping Spellbooks f - an uncursed spellbook of magic mapping m - an uncursed spellbook of confuse monster T - an uncursed spellbook of confuse monster U - an uncursed spellbook of cause fear Potions c - an uncursed potion of water h - 2 uncursed potions of extra healing t - 2 uncursed potions of gain ability Z - an uncursed potion of see invisible Rings I - an uncursed ring of poison resistance (on left hand) Wands n - a wand of speed monster (0:2) C - a wand of undead turning (0:3) H - a wand of magic missile (0:6) Tools k - an expensive camera (0:51) l - an uncursed credit card R - an uncursed sack Gems r - an uncursed worthless piece of red glass Spells and supernatural/magical abilities: Name Level Category Fail Memory k - knock 1 matter 50% 95% W - pray for help -- divine ? -- Your skills at the end: Fighting Skills Weapon Skills dart [Basic] Spellcasting Skills Final Attributes: You were nominally aligned. You were poison resistant. You were acid resistant. You were fast. You are dead. Vanquished creatures: a shrieker a hobbit a large kobold a cave spider a gecko 5 jackals a fox a kobold 3 goblins 2 sewer rats 4 grid bugs 2 bats 3 lichens a kobold zombie 6 newts 33 creatures vanquished. Genocided species: small mimics large mimics giant mimics 3 species genocided. Voluntary challenges: You were an atheist. You used a wielded weapon 3 times, starting on turn 1947. You read items or engraved 15 times, starting on turn 9. You genocided 3 types of monsters, starting on turn 122. You never polymorphed an object. You never changed form. You used no wishes. You never split a pudding. You wrote Elbereth's name 5 times, starting on turn 52. You never violated your personal moral code. Dungeon overview: The Dungeons of Doom: levels 1 to 6 Level 1 a fountain a long staircase Level 2 Level 3 a general store Level 4 a fountain stairs to The Gnomish Mines Level 5 Level 6 <- You were here The Gnomish Mines: Level 5 stairs to The Dungeons of Doom History has recorded: On T:1 you entered the Dungeons of Doom to retrieve the Amulet of Yendor! On T:304 you reached level 2 of The Dungeons of Doom. On T:722 you reached level 3 of The Dungeons of Doom. On T:1339 you reached level 4 of The Dungeons of Doom. On T:1618 you reached level 1 of The Gnomish Mines. On T:1672 you reached level 5 of The Dungeons of Doom. On T:1890 you reached level 6 of The Dungeons of Doom. Score breakdown: Gold: 97 ( 6773 points) Experience: 1 level ( 0 points) Exploration: 6 levels ( 12.50%) ( 9784 points) Discoveries: 9 items ( 3.02%) ( 5213 points) Valuables value: (no points given unless you survive) Artifact value: 0 ( 0 points) Variety of kills: 15 monsters ( 3.94%) ( 5952 points) Turncount: 1953 turns ( 0 points) Survival: died (score multiplied by 80%) Total score: 22177 Latest messages: Aloha Zazza, the human Tourist, welcome back to NetHack! The moon seems less notable tonight... The door resists! The door opens. You hear a door open. The jackal bites! You miss the jackal. The jackal bites! You hit the jackal. The jackal bites! You miss the jackal. The jackal bites! You miss the jackal. The jackal bites! You miss the jackal. The jackal bites! You kill the jackal! You hit the jackal. The jackal bites! You miss the jackal. The jackal bites! You die... Final status: Aloha Zazza the Tourist, killed by a jackal... You died in The Dungeons of Doom on dungeon level 6 with 22177 points, and 520 pieces of gold, after 1953 moves. You were level 1 with a maximum of 10 hit points when you died.